Map: Goldenaura LE

Players

Subwayeatn

  • Race: Zerg Zerg
  • League: Platinum
  • Spawn Location: 5:00

PureHeart - Winner!

  • Race: Zerg Zerg
  • League: Platinum
  • Spawn Location: 12:00

VOD

Have the link to the VOD?

Description

Time

  • Played on: Oct. 19, 2023, 9:27 p.m.
  • Length: 18:39
Show
View Real Time Build Order
Export as new Build Order

Subwayeatn Zerg 

Build Orders: Hatch First 

Get SALT Encoding   

  12  0:00  Drone  
  13  0:12  Overlord  
  13  0:17  Drone  
  14  0:31  Drone x2  
  16  0:49  Hatchery  
  15  0:53  Drone  
  15  0:55  Drone  
  17  1:00  Drone  
  17  1:03  Extractor  
  17  1:16  Spawning Pool  
  17  1:18  Drone  
  17  1:26  Drone  
  17  1:29  Drone  
  19  1:39  Drone  
  20  1:50  Overlord  
  20  2:03  Queen  
  20  2:04  Queen  
  20  2:08  Zergling x2  
  25  2:10  Zergling x2  
  26  2:16  Metabolic Boost  
  27  2:22  Zergling x2  
  27  2:23  Zergling x2  
  27  2:25  Zergling x2  
  29  2:40  Drone x3  
  31  3:34  Roach Warren  
  31  3:35  Drone x6  
  31  3:36  Overlord x2  
  31  3:37  Overlord  
  36  3:48  Overlord  
  36  3:53  Hatchery  
  36  3:54  Queen  
  36  3:55  Queen  
  37  3:59  Extractor  
  37  4:01  Extractor  
  37  4:17  Roach x3  
  37  4:18  Roach x2  
  47  4:30  Roach  
  47  4:31  Roach x3  
  55  4:36  Lair  
  51  4:59  Overlord  
  51  5:14  Drone x13  
  64  5:44  Roach  
  64  5:45  Roach x8  
  80  5:58  Roach  
  80  5:59  Roach x2  
  78  6:18  Drone  
  78  6:19  Extractor  
  78  6:20  Drone x3  
  81  6:46  Queen  
  75  7:02  Drone  
  75  7:03  Drone x3  
  75  7:08  Drone x3, Evolution Chamber  
  82  7:09  Overlord  
  82  7:10  Evolution Chamber, Overlord x5  
  80  7:20  Drone  
  80  7:21  Drone  
  80  7:22  Spire  
  81  7:30  Extractor x2  
  79  7:44  Drone x2  
  79  7:46  Glial Reconstitution  
  79  7:49  Zerg Missile Weapons Level 1  
  79  7:50  Zerg Ground Armor Level 1  
  81  7:52  Overlord  
  81  7:55  Overlord  
  81  7:56  Drone  
  81  7:57  Drone x3  
  81  7:58  Drone x2  
  87  7:59  Drone x5  
  87  8:00  Drone x4  
  96  8:18  Hatchery  
  95  8:27  Ravager  
  96  8:37  Overlord x3  
  96  8:43  Drone x3  
  96  8:46  Drone x7  
  106  8:55  Mutalisk, Zerg Flyer Armor Level 1  
  106  8:56  Mutalisk x7  
  122  9:22  Mutalisk x8  
  138  9:28  Overlord  
  138  9:29  Overlord x4  
  138  9:31  Queen  
  140  9:37  Pneumatized Carapace  
  140  9:38  Infestation Pit  
  137  9:46  Mutalisk x2  
  141  10:03  Ravager x3  
  144  10:11  Extractor  
  144  10:12  Drone x3, Extractor  
  145  10:14  Drone x8  
  153  10:22  Hive  
  153  10:24  Zergling x2  
  154  10:44  Zergling x8  
  154  10:45  Zergling x4  
  160  10:58  Hatchery  
  160  11:04  Corruptor x6  
  159  11:05  Corruptor  
  159  11:06  Mutalisk  
  159  11:07  Mutalisk  
  177  11:16  Extractor  
  176  11:20  Extractor  
  175  11:27  Zerg Flyer Armor Level 2  
  175  11:29  Mutalisk x3  
  181  11:47  Overseer x3  
  181  12:18  Viper x3  
  190  12:29  Overlord x5  
  190  12:35  Ultralisk Cavern  
  189  12:45  Zergling x2  
  170  13:22  Ultralisk  
  170  13:23  Ultralisk x4  
  199  13:52  Hatchery  
  198  13:56  Overlord  
  198  14:01  Zergling x6, Hatchery  
  126  14:36  Ultralisk  
  126  14:37  Ultralisk x8  
  166  14:50  Ultralisk  
  172  14:56  Chitinous Plating  
  172  15:05  Queen  
  174  15:18  Extractor, Greater Spire, Hatchery  
  174  15:20  Extractor  
  171  15:22  Zergling x2  
  171  15:23  Zergling x26  
  185  15:36  Adrenal Glands  
  185  15:47  Zergling x2  
  186  15:56  Ultralisk  
  186  15:57  Ultralisk  
  198  16:00  Zerg Melee Weapons Level 1  
  198  16:01  Zerg Ground Armor Level 2  
  198  16:12  Overseer  
  173  16:35  Queen  
  173  16:38  Zergling x2  
  173  16:39  Zergling x18  
  185  16:41  Ultralisk x2  
  197  16:52  Queen  
  199  16:59  Anabolic Synthesis  
  188  17:18  Zergling x8  
  188  17:19  Zergling x2  
  193  17:23  Overseer  
  193  17:24  Overseer x2  
  193  17:25  Overseer x2  
  193  17:29  Mutalisk x3  
  142  18:06  Zergling x24  
Show
View Real Time Build Order
Export as new Build Order

PureHeart Zerg - Winner!

Build Orders: Hatch First, Lurkers 

Get SALT Encoding   

  12  0:02  Drone  
  13  0:09  Drone  
  14  0:15  Extractor  
  14  0:16  Drone  
  15  0:40  Hatchery  
  14  0:49  Extractor x2, Drone  
  13  0:50  Drone  
  16  1:04  Spawning Pool  
  15  1:10  Overlord  
  15  1:21  Overlord  
  15  1:32  Drone x2  
  17  1:48  Extractor  
  17  1:50  Zergling x2  
  17  1:51  Zergling x2, Queen  
  20  1:54  Queen  
  20  1:58  Drone  
  20  2:00  Drone  
  24  2:04  Drone  
  24  2:07  Drone  
  26  2:22  Drone x2  
  28  2:28  Drone x2  
  30  2:36  Queen  
  32  2:41  Drone x2  
  34  2:52  Overlord  
  34  2:54  Drone  
  34  3:02  Zergling x2  
  34  3:03  Zergling x2  
  36  3:12  Baneling Nest  
  36  3:18  Zergling x4  
  37  3:28  Drone x5  
  37  3:32  Zergling x2  
  43  3:38  Queen  
  43  3:39  Hatchery  
  44  3:48  Overlord x2  
  44  3:57  Baneling  
  44  3:58  Baneling x4  
  44  4:17  Metabolic Boost  
  44  4:19  Drone x3  
  44  4:20  Drone x3  
  50  4:31  Zergling x4  
  50  4:35  Extractor  
  51  4:49  Zergling x8  
  54  5:00  Roach Warren  
  54  5:02  Evolution Chamber  
  54  5:04  Baneling x2  
  54  5:06  Evolution Chamber  
  51  5:07  Queen  
  51  5:08  Queen  
  51  5:09  Queen  
  51  5:10  Drone  
  51  5:11  Drone x5  
  58  5:31  Zergling x12  
  58  5:43  Roach x3  
  62  5:52  Roach x2  
  63  6:00  Roach x2  
  63  6:01  Roach  
  66  6:10  Overlord x2  
  66  6:11  Overlord x2  
  65  6:21  Overlord x3  
  65  6:24  Extractor  
  64  6:26  Zerg Missile Weapons Level 1  
  64  6:27  Zerg Ground Armor Level 1  
  64  6:30  Lair  
  64  6:33  Spore Crawler, Queen  
  64  6:34  Queen  
  67  6:40  Roach x5  
  77  6:53  Roach x2  
  81  6:56  Roach, Spine Crawler  
  81  6:57  Spine Crawler  
  81  6:58  Drone x2  
  81  6:59  Drone  
  84  7:23  Roach x5  
  84  7:24  Drone, Roach x2  
  84  7:25  Drone  
  84  7:28  Queen  
  102  7:34  Roach  
  102  7:35  Drone x2  
  106  7:50  Overlord x2  
  106  7:52  Roach x3  
  112  8:04  Drone  
  113  8:14  Overlord x2  
  113  8:15  Drone x3  
  116  8:20  Roach x2  
  116  8:21  Roach  
  116  8:25  Zerg Missile Weapons Level 2  
  122  8:27  Drone  
  123  8:40  Extractor  
  122  8:47  Roach  
  122  8:48  Roach x4  
  132  8:52  Hydralisk Den  
  133  9:02  Roach  
  133  9:03  Roach x2  
  133  9:04  Overlord x4  
  137  9:16  Pneumatized Carapace, Hatchery  
  136  9:23  Zerg Ground Armor Level 2  
  136  9:33  Glial Reconstitution  
  135  9:46  Hydralisk  
  135  9:47  Hydralisk  
  133  9:54  Spore Crawler  
  132  10:03  Spore Crawler  
  131  10:07  Drone  
  131  10:08  Drone x8, Spore Crawler  
  131  10:09  Spore Crawler  
  138  10:15  Muscular Augments  
  138  10:18  Spore Crawler  
  137  10:21  Spore Crawler  
  137  10:22  Drone x3  
  137  10:23  Spore Crawler  
  138  10:39  Hydralisk x2  
  138  10:40  Hydralisk x3  
  148  10:42  Spore Crawler  
  148  10:44  Extractor  
  148  10:45  Extractor, Spore Crawler  
  148  10:47  Spore Crawler  
  143  10:51  Drone  
  143  10:52  Drone x6  
  150  11:07  Lurker Den  
  149  11:17  Hydralisk x8  
  165  11:26  Overlord x3  
  165  11:27  Overlord  
  165  11:50  Infestation Pit  
  165  11:53  Drone x6  
  165  11:54  Drone x5, Hydralisk  
  173  11:55  Hydralisk x2  
  181  12:18  Queen  
  181  12:22  Spore Crawler  
  182  12:23  Hydralisk x6  
  182  12:27  Extractor x2  
  192  12:37  Overseer x3  
  192  12:43  Spore Crawler  
  191  12:46  Spore Crawler  
  182  13:06  Hydralisk  
  182  13:07  Hydralisk x8  
  200  13:23  Overlord  
  200  13:43  Hive  
  200  13:58  Hatchery  
  200  13:59  Spine Crawler  
  200  14:00  Spine Crawler  
  165  14:45  Drone x4  
  167  14:46  Drone x4  
  173  14:53  Lurker x3  
  173  14:54  Lurker x5  
  173  14:56  Seismic Spines  
  181  15:00  Zerg Missile Weapons Level 3  
  181  15:02  Zerg Ground Armor Level 3  
  181  15:35  Drone x4  
  185  15:44  Hatchery  
  185  15:49  Spore Crawler  
  183  15:51  Spine Crawler  
  183  15:52  Spore Crawler  
  183  15:53  Adaptive Talons  
  183  15:54  Spore Crawler  
  183  15:56  Hydralisk x3  
  183  15:57  Hydralisk x5  
  182  16:32  Hydralisk  
  179  16:33  Hydralisk x9  
  199  16:41  Spire  
  198  16:49  Hydralisk  
  194  17:12  Lurker  
  194  17:13  Lurker x15  
  194  17:14  Lurker x2  
  166  17:46  Drone  
  166  17:47  Drone x7  
  174  18:09  Hydralisk x13  
Tags
 
Composition
Lurkers
Matchup
ZvZ
Race
Zerg
Replay Pack
Multiplayer
Spawn Locations
Cross Positions
Add a new tag
Caveats
  • Supply blocks, unpowered buildings, or Contaminate may cause inaccurate times.
  • Supply counts are checked every 10 seconds.